 Dungeon Crawl Stone Soup version 0.19.4 (webtiles) character file.

29 empire the Skirmisher (level 3, -1/29 HPs)
             Began as a Demonspawn Monk on Feb 3, 2017.
             Slain by a goblin
             ... wielding a cursed -1 club
             ... led by Robin
              (2 damage)
             ... on level 2 of the Dungeon.
             The game lasted 00:01:46 (902 turns).

empire the Skirmisher (Demonspawn Monk)              Turns: 902, Time: 00:01:47

Health: -1/29      AC:  2    Str: 11    XL:     3   Next: 1%
Magic:  3/3        EV: 13    Int: 11    God:
Gold:   31         SH:  0    Dex: 18    Spells: 0 memorised, 2 levels left

rFire  . . .     SeeInvis .     a - +0 short sword
rCold  . . .     Gourm    .     b - +0 robe
rNeg   . . .     Faith    .     (no shield)
rPois  .         Spirit   .     (helmet restricted)
rElec  .         Reflect  .     (no cloak)
rCorr  .         Harm     .     (no gloves)
MR     .....                    (no boots)
Stlth  +++.......               (no amulet)
                                (no ring)
                                (no ring)

@: no status effects
A: horns 1, thin skeletal structure 1
a: no special abilities


You were on level 2 of the Dungeon.
You were not hungry.

You visited 1 branch of the dungeon, and saw 2 of its levels.

You collected 31 gold pieces.

Inventory:

Hand Weapons
 a - a +0 short sword (weapon)
Armour
 b - a +0 robe (worn)
Wands
 m - a wand of random effects (22/48)
Scrolls
 d - a scroll of teleportation {unknown}
 f - a scroll of remove curse {unknown}
 i - a scroll of enchant armour {unknown}
 j - a scroll of identify {unknown}
 l - a scroll of amnesia {unknown}
Potions
 e - a potion of heal wounds {unknown}
 g - a potion of degeneration {unknown}
 h - a potion of ambrosia {unknown}
 k - 2 potions of curing {unknown}
Comestibles
 c - 2 bread rations


   Skills:
 - Level 3.0 Fighting
 + Level 3.0 Short Blades
 + Level 2.9 Dodging
 * Level 2.8 Stealth


You had 2 spell levels left.
You didn't know any spells.

Dungeon Overview and Level Annotations

Branches:
Dungeon (2/15)

Altars:
Xom

Annotations:
D:2 Ijyb, Robin


Innate Abilities, Weirdness & Mutations

You have a pair of small horns on your head.
You have a somewhat thin skeletal structure. (Dex +2, Stealth)


Message History

Ijyb barely misses you. The goblin barely misses you.
The goblin closely misses you. Robin throws the goblin at you!
Ijyb barely misses you. The goblin hits you with a dagger.
The goblin barely misses you. Ijyb hits you.
* * * LOW HITPOINT WARNING * * *
The goblin hits you with a club.
* * * LOW HITPOINT WARNING * * *
Robin says, "Kneel, worm!"
Robin throws the goblin at you!
You hit the goblin.
The goblin is moderately wounded.
The goblin no longer looks unusually strong. x2
Ijyb closely misses you.
Ijyb no longer looks unusually strong.
The goblin closely misses you. The goblin completely misses you.
You see here a stone.
The goblin no longer looks unusually strong.
Robin throws Ijyb at you! The goblin hits you with a club.
You die...

#...........#####..........#
#...........##
###########..# ##.# #.# #.#
#.# #g## ########.@##
#........g(# #.....)..gg#
#.......lg.## .......
#........g.g###...$...
#.............#.......
#..........._.#...b...
#...........g.#......g
#..........#(g#..b....


You could see Ijyb, Robin, a hobgoblin, 5 goblins and a frilled lizard.

Vanquished Creatures
  A dart slug (D:2)
  A giant cockroach (D:1)
  3 hobgoblins (D:1)
  2 jackals (D:1)
  6 bats
  3 frilled lizards (D:1)
  6 goblins
  3 kobolds
  2 rats
27 creatures vanquished.

Notes
Turn   | Place    | Note
-------+----------+-------------------------------------------
     0 | D:1      | empire the Demonspawn Monk began the quest for the Orb.
     0 | D:1      | Reached XP level 1. HP: 18/18 MP: 1/1
   432 | D:1      | Gained mutation: You have a pair of small horns on your head. [demonic ancestry]
   432 | D:1      | Reached XP level 2. HP: 24/24 MP: 2/2
   843 | D:2      | Found a shimmering altar of Xom.
   876 | D:2      | Noticed Ijyb
   881 | D:2      | Noticed Robin
   890 | D:2      | Gained mutation: You have a somewhat thin skeletal structure. (Dex +2, Stealth) [demonic ancestry]
   890 | D:2      | Reached XP level 3. HP: 21/29 MP: 3/3
   898 | D:2      | HP: 1/29 [goblin/club[Robin] (3)]
   902 | D:2      | Slain by a goblin

Skill      XL: |  1  2 |
---------------+-------+-----
Stealth        | 2 |  2.8
Short Blades   | 3 |  3.0
Fighting       | |  3.0
Dodging        | |  2.9

Action                   || total
-------------------------++-------
Melee: Short sword       ||    75
       Headbutt          ||     5
Evoke: Wand              ||     2
 Stab: Sleeping          ||     3
Armor: Robe              ||    20
Dodge: Dodged            ||    78
